Map: Sueño ártico EE

Players

Broken

  • Race: Terran Terran
  • League: Bronze
  • Spawn Location: 11:00

SpicyTogepi

  • Race: Terran Terran
  • Spawn Location: 12:00

MrFercho - Winner!

  • Race: Zerg Zerg
  • League: Gold
  • Spawn Location: 6:00

tigro - Winner!

  • Race: Terran Terran
  • League: Bronze
  • Spawn Location: 5:00

VOD

Have the link to the VOD?

Description

Time

  • Played on: July 19, 2020, 11:12 p.m.
  • Length: 15:54
Show
View Real Time Build Order
Export as new Build Order

Broken Terran 

Build Orders:  

Get SALT Encoding   

  12  0:03  SCV  
  13  0:17  SCV  
  14  0:24  Supply Depot  
  14  0:29  SCV  
  15  0:46  SCV  
  16  0:51  Barracks  
  16  0:58  SCV, Supply Depot  
  17  1:10  SCV  
  18  1:22  SCV  
  19  1:28  Barracks  
  19  1:43  Refinery  
  19  1:49  Command Center  
  19  2:02  Marine  
  20  2:10  SCV  
  21  2:16  Barracks  
  21  2:20  Marine  
  22  2:27  Marine  
  23  2:37  Marine  
  24  2:45  Marine  
  24  2:47  Supply Depot  
  25  2:55  Marine  
  26  3:01  SCV  
  26  3:03  Marine  
  28  3:13  SCV, Marine  
  28  3:14  SCV  
  28  3:15  Marine  
  32  3:21  Marine  
  32  3:25  SCV  
  32  3:26  SCV  
  35  3:31  Marine  
  35  3:33  Engineering Bay, Marine  
  37  3:38  SCV  
  38  3:49  Marine  
  38  3:50  SCV  
  38  3:55  Barracks Tech Lab  
  40  3:56  Barracks Reactor  
  40  4:06  Marine  
  40  4:07  Terran Infantry Weapons Level 1  
  41  4:20  SCV  
  42  4:32  SCV  
  42  4:37  Refinery  
  43  4:41  Supply Depot  
  43  4:44  SCV  
  44  4:47  Marine  
  44  4:49  Command Center  
  45  4:55  Combat Shield  
  45  4:56  SCV, Marine  
  45  4:59  Marine x2  
  49  5:05  Marine  
  50  5:08  SCV  
  51  5:14  Marine  
  51  5:16  Marine  
  51  5:17  Marine  
  54  5:23  Marine  
  55  5:29  Supply Depot  
  55  5:32  Marine  
  55  5:34  Marine x2  
  58  5:41  Marine  
  59  5:50  Marine  
  59  5:52  Marine x2  
  59  5:57  Supply Depot  
  62  5:59  Marine  
  62  6:01  Terran Infantry Armor Level 1  
  62  6:03  SCV  
  64  6:08  Marine  
  64  6:10  Marine x2  
  67  6:15  SCV  
  67  6:17  Marine  
  69  6:25  Marine  
  69  6:27  SCV  
  69  6:28  Marine x2  
  73  6:34  Marine  
  73  6:37  Factory  
  73  6:39  SCV  
  75  6:43  Marine  
  75  6:45  Marine  
  75  6:46  Marine  
  78  6:48  Stimpack  
  78  6:52  Marine  
  49  7:01  Marine  
  49  7:03  Marine x2  
  52  7:10  Marine  
  53  7:19  Marine  
  53  7:21  Marine x2  
  56  7:28  Marine  
  57  7:37  Marine  
  57  7:39  Marine x2  
  56  7:46  Marine  
  57  7:53  Starport  
  57  7:54  Marine  
  57  7:57  Marine x2  
  60  8:00  Armory  
  60  8:02  Supply Depot  
  60  8:03  Marine  
  61  8:12  Marine  
  62  8:23  Factory Reactor  
  62  8:25  Supply Depot  
  62  8:34  Starport Reactor, Starport  
  62  8:37  Marine  
  62  8:38  Marine  
  62  8:40  Marine x2  
  66  8:43  SCV  
  66  8:47  Terran Infantry Weapons Level 2  
  67  8:49  Supply Depot  
  67  8:51  Terran Vehicle Weapons Level 1  
  67  8:55  SCV, Marine  
  68  8:56  Marine  
  68  8:58  Marine x2  
  72  9:08  SCV  
  73  9:13  Marine  
  73  9:14  Marine  
  73  9:15  Supply Depot  
  73  9:16  Marine x2  
  77  9:17  Starport Reactor  
  77  9:20  SCV  
  78  9:26  SCV  
  78  9:30  Marine  
  80  9:32  SCV, Refinery, Marine  
  80  9:33  Marine  
  80  9:34  Marine  
  80  9:38  SCV, Supply Depot  
  85  9:48  Marine  
  85  9:50  SCV, Marine  
  85  9:51  Marine x2  
  90  9:53  Medivac  
  90  9:55  Medivac  
  94  10:00  Supply Depot  
  94  10:02  SCV  
  94  10:06  Marine  
  96  10:07  Marine  
  96  10:09  Orbital Command, Marine x2  
  96  10:13  Orbital Command  
  99  10:14  SCV  
  100  10:23  Supply Depot  
  100  10:24  Marine  
  100  10:25  Marine  
  100  10:27  Marine x2  
  104  10:37  Medivac x2  
  104  10:42  Marine  
  109  10:43  Marine  
  109  10:45  Supply Depot, Terran Vehicle And Ship Armor Level 1, Marine x2  
  112  10:59  Marine  
  112  11:01  Marine  
  112  11:02  Marine  
  112  11:03  Terran Infantry Armor Level 2, Marine  
  116  11:08  Supply Depot  
  116  11:20  Marine x2  
  118  11:30  Supply Depot  
  118  11:39  Marine  
  118  11:40  Marine  
  118  11:41  Marine  
  118  11:43  Marine  
  118  11:45  Medivac  
  118  11:46  Medivac  
  126  11:47  Medivac x2  
  130  11:54  Supply Depot  
  130  11:57  Marine x2  
  130  11:59  Marine  
  130  12:01  Marine  
  87  12:15  Marine x2  
  72  12:17  Marine  
  72  12:19  Marine  
  75  12:33  Marine x2  
  75  12:35  Marine  
  75  12:36  Marine  
  74  12:53  Marine  
  74  12:54  Marine  
Show
View Real Time Build Order
Export as new Build Order

SpicyTogepi Terran 

Build Orders:  

Get SALT Encoding   

  12  0:04  SCV  
  13  0:18  SCV  
  14  0:21  Supply Depot  
  14  0:32  Refinery  
  14  0:33  SCV  
  15  0:48  Barracks  
  15  0:51  SCV  
  16  1:03  Supply Depot  
  16  1:14  SCV  
  16  1:16  Barracks  
  17  1:26  Engineering Bay  
  17  1:36  Marine  
  18  1:42  Barracks  
  18  1:48  SCV  
  19  2:02  SCV  
  19  2:06  Marine x2  
  19  2:07  Refinery  
  22  2:13  Supply Depot  
  22  2:17  SCV  
  23  2:24  Terran Infantry Weapons Level 1  
  23  2:27  Marine  
  24  2:32  Barracks Tech Lab  
  24  2:36  Marine  
  25  2:40  SCV  
  26  2:52  Marine  
  26  2:53  Marine  
  28  3:00  SCV  
  28  3:02  Marine  
  30  3:07  Supply Depot  
  30  3:10  Marine  
  30  3:11  Marine  
  32  3:19  Marine  
  33  3:31  Marine x2  
  35  3:48  Command Center  
  35  3:49  Marine  
  35  3:54  SCV  
  37  4:00  Marine x2  
  39  4:09  SCV  
  40  4:11  Marine  
  41  4:17  Marine  
  41  4:18  Marine  
  41  4:20  Terran Infantry Armor Level 1  
  43  4:27  Supply Depot  
  43  4:31  Marine  
  43  4:36  Marine  
  43  4:37  Marine  
  46  4:42  SCV  
  47  4:45  Combat Shield  
  47  4:54  Marine  
  47  4:56  Marine  
  47  4:57  Marine  
  50  5:09  SCV  
  50  5:10  SCV  
  50  5:13  Marine  
  53  5:20  Marine x2  
  55  5:24  SCV x2  
  57  5:41  Factory  
  57  5:42  Supply Depot, Marine x2  
  58  5:43  Marine  
  58  5:46  SCV  
  58  5:49  SCV  
  62  6:01  SCV  
  62  6:02  SCV  
  62  6:03  Marine  
  62  6:04  Marine x2  
  67  6:16  SCV x2  
  69  6:22  Marine x3  
  72  6:30  SCV x2  
  74  6:35  Factory Tech Lab  
  74  6:46  Marine x2  
  76  6:47  Marine  
  76  6:48  Armory  
  74  7:05  Starport  
  42  7:21  Marine x2  
  39  7:39  Marine x2  
  41  7:55  Siege Tank  
  41  7:57  Marine  
  46  8:03  Starport Reactor  
  46  8:09  Barracks Reactor  
  45  8:15  Marine  
  45  8:16  Terran Infantry Weapons Level 2  
  45  8:18  Terran Vehicle Weapons Level 1  
  46  8:27  Supply Depot  
  46  8:33  Marine  
  47  8:37  Siege Tank  
  47  8:40  Viking  
  47  8:41  Medivac  
  54  8:48  Marine x2  
  54  8:49  Supply Depot  
  54  8:50  Marine  
  57  9:07  Marine  
  57  9:08  Marine x2  
  60  9:20  Viking, Medivac  
  60  9:24  Siege Tank  
  67  9:28  Marine x3  
  70  9:35  SCV x2  
  72  9:42  Command Center  
  72  9:46  Marine x3  
  75  9:56  Stimpack  
  75  10:06  Supply Depot x2  
  75  10:19  Marine x3  
  78  10:28  Viking, Medivac, Thor  
  88  10:42  Marine x3  
  91  10:53  Supply Depot  
  91  10:56  Supply Depot  
  91  10:58  Viking, Medivac  
  91  11:00  Marine  
  91  11:01  Marine x2  
  98  11:10  Thor  
  104  11:14  Refinery  
  104  11:17  Supply Depot  
  104  11:20  Supply Depot  
  104  11:21  Refinery, Marine x3  
  107  11:28  Viking, Medivac  
  107  11:32  SCV  
  109  11:44  SCV  
  94  11:54  Marine  
  94  11:55  Marine x2  
  94  11:56  SCV  
  98  12:08  SCV  
  98  12:12  Marine  
  98  12:13  Marine x2  
  98  12:20  SCV  
  92  12:30  Marine x2  
  92  12:31  Marine  
  92  12:34  Viking, Medivac  
  99  12:37  Thor  
  105  12:48  Marine x3  
  108  12:51  Orbital Command  
  108  12:54  Orbital Command  
  108  13:06  Marine  
  108  13:07  Marine x2  
  108  13:10  Viking, Medivac  
  115  13:15  Missile Turret  
  115  13:17  Missile Turret  
  115  13:18  Missile Turret  
  115  13:20  Thor  
  115  13:24  Marine  
  115  13:25  Marine  
  94  14:02  Marine x3  
  97  14:04  Thor  
  97  14:09  Liberator  
  106  14:11  Viking  
  108  14:19  Marine  
  109  14:28  Marine x2  
  111  14:37  Marine  
  112  14:41  Medivac  
  114  14:52  Medivac  
  116  14:54  Thor  
  122  15:04  Marine x3  
  125  15:11  Liberator  
  128  15:22  Marine x3  
Show
View Real Time Build Order
Export as new Build Order

MrFercho Zerg - Winner!

Build Orders: Hatch First, Lurkers 

Get SALT Encoding   

  12  0:01  Drone  
  13  0:18  Overlord  
  13  0:19  Drone  
  14  0:38  Drone x2  
  16  0:53  Drone  
  16  0:56  Drone  
  18  0:58  Hatchery  
  18  1:02  Drone  
  18  1:10  Extractor  
  17  1:16  Spawning Pool  
  16  1:19  Drone  
  16  1:25  Drone  
  18  1:34  Drone  
  19  1:45  Overlord  
  19  1:55  Drone  
  20  2:03  Queen  
  22  2:10  Queen  
  22  2:11  Drone  
  22  2:12  Drone  
  26  2:22  Drone x2  
  28  2:27  Drone  
  29  2:31  Drone  
  30  2:43  Drone x2  
  32  2:47  Lair  
  32  2:54  Drone  
  32  2:55  Drone  
  34  3:02  Drone  
  34  3:04  Drone  
  36  3:10  Metabolic Boost  
  36  3:13  Overlord  
  36  3:15  Hatchery  
  36  3:16  Drone  
  36  3:32  Extractor  
  36  3:33  Extractor  
  34  3:36  Drone x7  
  41  3:46  Overlord  
  41  3:54  Baneling Nest  
  40  3:56  Evolution Chamber  
  40  4:02  Drone x3  
  42  4:03  Drone x2  
  42  4:05  Overlord x3  
  44  4:16  Drone x2  
  46  4:23  Zergling x6  
  46  4:24  Zergling x2  
  50  4:30  Zergling x4  
  52  4:35  Drone  
  53  4:51  Queen  
  53  4:52  Drone x7  
  62  4:56  Baneling  
  62  4:57  Baneling x3  
  62  5:00  Zergling x12  
  62  5:05  Centrifical Hooks  
  68  5:07  Zerg Melee Weapons Level 1  
  69  5:21  Drone  
  69  5:22  Hydralisk Den  
  69  5:23  Zergling x2  
  69  5:24  Zergling x10  
  69  5:27  Baneling x3  
  69  5:28  Baneling x2  
  74  5:34  Overlord  
  74  5:35  Drone x2  
  76  5:54  Zergling x18  
  85  6:10  Grooved Spines  
  85  6:15  Evolution Chamber  
  84  6:25  Hatchery  
  83  6:27  Hatchery  
  60  7:03  Drone x7  
  60  7:04  Drone  
  60  7:05  Drone x5  
  60  7:08  Extractor  
  72  7:09  Zergling x2  
  72  7:10  Zergling x20, Extractor  
  72  7:15  Baneling x11  
  82  7:21  Muscular Augments  
  82  7:41  Hydralisk  
  82  7:42  Hydralisk x7  
  98  7:46  Zerg Missile Weapons Level 1, Zerg Ground Armor Level 1  
  98  7:53  Infestation Pit  
  97  8:03  Extractor  
  96  8:17  Hydralisk x2  
  96  8:19  Zergling x2  
  101  8:21  Overlord x2  
  101  8:22  Overlord  
  101  8:41  Hive  
  101  8:45  Lurker Den  
  100  9:00  Zergling x12  
  100  9:01  Zergling x38  
  125  9:03  Overlord x3  
  125  9:04  Overlord  
  125  9:24  Nydus Network  
  124  9:38  Pneumatized Carapace  
  124  9:42  Burrow  
  124  10:04  Hydralisk  
  124  10:05  Hydralisk x15  
  156  10:42  Adaptive Talons  
  156  10:48  Spire  
  156  10:50  Lurker x3  
  156  10:51  Overlord  
  156  10:52  Overlord x6  
  156  10:54  Overlord  
  157  11:26  Hydralisk x14  
  157  11:27  Hydralisk x7  
  199  11:39  Seismic Spines  
  115  12:25  Lurker x8  
  115  12:26  Lurker x4  
  115  12:27  Zergling x2  
  115  12:28  Zergling x28  
  135  13:24  Zergling x20  
  135  13:25  Zergling x10  
  142  13:48  Spine Crawler  
  140  13:50  Spine Crawler  
  140  13:51  Spine Crawler  
  140  13:53  Spine Crawler  
  123  13:56  Hydralisk  
  123  13:57  Hydralisk x10  
  143  14:43  Drone x3  
  143  14:44  Drone x3  
  143  14:45  Drone x5  
  154  15:08  Hatchery, Extractor  
  154  15:10  Extractor  
  154  15:12  Hatchery, Extractor  
  149  15:17  Extractor  
Show
View Real Time Build Order
Export as new Build Order

tigro Terran - Winner!

Build Orders:  

Get SALT Encoding   

  12  0:02  SCV  
  13  0:14  SCV  
  14  0:22  Supply Depot  
  14  0:27  SCV  
  15  0:35  Refinery  
  15  0:43  SCV  
  15  0:49  Barracks  
  16  0:55  SCV  
  17  1:08  SCV  
  18  1:15  Refinery  
  18  1:20  SCV  
  19  1:25  Supply Depot  
  19  1:32  SCV  
  20  1:36  Marine  
  21  1:44  SCV  
  22  1:54  Marine  
  22  1:56  SCV  
  24  2:04  Factory  
  24  2:08  SCV  
  25  2:12  Marine  
  26  2:24  Orbital Command  
  26  2:29  Marine  
  26  2:31  Engineering Bay  
  27  2:47  Marine  
  27  2:51  Factory Tech Lab  
  28  3:01  Barracks  
  28  3:09  Siege Tank  
  31  3:16  Barracks Tech Lab  
  31  3:28  Terran Infantry Weapons Level 1  
  31  3:41  Siege Tank  
  34  3:51  Starport  
  34  3:52  Barracks Reactor  
  34  4:18  Command Center  
  34  4:27  Marine  
  34  4:28  Marine x2  
  37  4:42  Medivac  
  39  4:45  Marine  
  39  4:46  Marine x2  
  42  4:58  Siege Tank  
  42  4:59  Refinery  
  45  5:03  Marine x2  
  47  5:16  Starport Tech Lab  
  47  5:22  Terran Infantry Armor Level 1  
  47  5:30  Marine x2  
  47  5:33  Refinery  
  49  5:36  Supply Depot  
  49  5:59  Supply Depot  
  49  6:09  Combat Shield  
  49  6:15  SCV  
  50  6:27  SCV  
  50  6:31  Missile Turret  
  51  6:39  SCV  
  52  6:51  SCV  
  52  6:53  Missile Turret  
  53  7:04  SCV  
  53  7:14  Missile Turret  
  45  7:16  Hi-Sec Auto Tracking  
  45  7:17  Marine x3  
  48  7:28  Stimpack  
  48  7:35  Marine x3  
  40  7:50  Medivac  
  42  7:53  Marine x3  
  45  8:07  Missile Turret  
  45  8:10  Marine  
  45  8:11  Marine x2  
  48  8:20  Medivac, Fusion Core  
  50  8:29  Marine  
  50  8:30  Missile Turret  
  51  8:38  Starport  
  51  8:40  Marine  
  51  8:41  Marine  
  53  8:45  Siege Tank  
  53  8:46  Marine  
  57  8:51  Missile Turret  
  57  8:58  Marine x2  
  59  9:04  Marine  
  60  9:10  Armory  
  60  9:13  SCV  
  60  9:16  Marine x2  
  63  9:22  Marine  
  64  9:25  SCV  
  64  9:28  Starport Tech Lab  
  65  9:31  Battlecruiser  
  65  9:33  Weapon Refit  
  65  9:34  Marine x2  
  65  9:36  Neosteel Armor  
  65  9:37  SCV  
  74  9:40  Marine  
  75  9:49  SCV  
  76  10:01  SCV  
  77  10:19  Marine x2  
  77  10:20  Marine  
  80  10:26  Terran Vehicle Weapons Level 1  
  80  10:37  Marine x3  
  83  10:55  Marine x3  
  86  11:13  Marine x3  
  89  11:29  Terran Infantry Weapons Level 2  
  89  11:30  Marine  
  89  11:31  Marine x2  
  54  11:48  Marine  
  54  11:49  Marine x2  
  54  11:53  Thor  
  63  12:06  Marine x3  
  60  12:21  Terran Vehicle And Ship Armor Level 1  
  57  12:24  Marine x3  
  57  12:27  Battlecruiser  
  72  12:31  Medivac  
  72  12:35  Thor  
  74  12:38  SCV  
  74  12:42  Marine x3  
  78  12:50  SCV  
  79  12:59  Marine  
  79  13:00  Marine x2  
  79  13:01  Medivac  
  79  13:02  SCV  
  85  13:14  SCV, Missile Turret  
  85  13:17  Marine  
  85  13:18  Marine x2  
  89  13:31  Battlecruiser  
  83  13:35  Marine x3  
  80  13:44  Missile Turret  
  74  13:53  Marine x2  
  64  14:11  Missile Turret  
  58  14:21  Marine  
  58  14:22  Marine x2  
  60  14:26  Medivac  
  62  14:39  Marine  
  62  14:40  Marine x2  
  62  14:42  Rapid Reignition System  
  65  14:48  Battlecruiser  
  71  14:57  Marine x3  
  74  15:15  Marine x3  
  77  15:30  Refinery  
  77  15:32  Refinery  
  77  15:33  Marine x3  
Tags
 
Add a new tag
Caveats
  • Supply blocks, unpowered buildings, or Contaminate may cause inaccurate times.
  • Supply counts are checked every 10 seconds.